 Dungeon Crawl Stone Soup version 0.29-a0-555-g3b24f45cc1 (webtiles) character file.

Game seed: 10655419794837464408

529 jlumianski the Covered (level 7, 0/44 HPs)
             Began as a Gargoyle Fighter on June 7, 2022.
             Killed by nerve-wracking pain
             ... invoked by an orc priest
              (3 damage)
             ... on level 5 of the Dungeon.
             The game lasted 00:13:24 (4702 turns).

jlumianski the Covered (Gargoyle Fighter)           Turns: 4702, Time: 00:13:25

Health: 0/44       AC: 20    Str: 22    XL:     7   Next: 24%
Magic:  7/7        EV:  6    Int:  8    God:
Gold:   245        SH:  4    Dex:  9    Spells: 6/6 levels left

rFire   + . .      SeeInvis .   a - +1 war axe
rCold   . . .      Faith    .   c - +0 buckler
rNeg    + . .      Spirit   .   n - +0 plate armour
rPois   ∞          Reflect  .   q - +2 helmet
rElec   +          Harm     .   (no cloak)
rCorr   .          Rampage  .   (no gloves)
Will    +....                   (no boots)
Stlth   ..........              (no amulet)
HPRegen 0.14/turn               m - ring of protection from fire
MPRegen 0.10/turn               r - ring of willpower

@: no status effects
A: sickness immunity, AC +4, negative energy resistance 1, electricity
resistance, torment resistance 1, petrification resistance
a: no special abilities


You were on level 5 of the Dungeon.
You visited 1 branch of the dungeon, and saw 5 of its levels.

You collected 245 gold pieces.

Inventory:

Hand Weapons
 a - a +1 war axe (weapon)
Missiles
 e - 207 stones
 o - 4 boomerangs (quivered)
Armour
 b - a +0 scale mail
 c - a +0 buckler (worn)
 n - a +0 plate armour (worn)
 q - a +2 helmet (worn)
Jewellery
 m - a ring of protection from fire (left hand)
 r - a ring of willpower (right hand)
Scrolls
 f - a scroll of teleportation
Potions
 d - a potion of might
 g - a potion of invisibility
 i - 2 potions of degeneration
 j - 5 potions of curing
 k - a potion of lignification
 l - a potion of ambrosia
 p - a potion of cancellation
 t - a potion of heal wounds


   Skills:
 + Level 4.3 Fighting
 + Level 4.6 Axes
 + Level 5.7 Armour
 + Level 0.4 Dodging
 + Level 0.1 Stealth
 + Level 4.1 Shields


You had 6 spell levels left.
You didn't know any spells.
Your spell library contained the following spells:

 Spells                   Type           Power      Damage    Failure   Level
 Stone Arrow              Conj/Erth      0%         3d7       100%        3
 Tukima's Dance           Hex            0%         N/A       100%        3
 Animate Armour           Summ/Erth      0%         N/A       100%        4
 Passage of Golubria      Tloc           0%         N/A       100%        4
 Yara's Violent Unravell  Hex/Tmut       0%         3d3       100%        5
 Lehudib's Crystal Spear  Conj/Erth      0%         10d2      100%        8


Dungeon Overview and Level Annotations

Branches:
Dungeon (5/15)
 Temple: D:4-7

Altars:


Innate Abilities, Weirdness & Mutations

You are immune to sickness and miasma.
Your stone body is resilient. (AC +4)
You are immune to poison.
You resist negative energy. (rN+)
You are resistant to electric shocks. (rElec)
You are resistant to unholy torment.
You are immune to petrification.


Message History

A magic dart appears from out of thin air!
The magic dart hits you!
* * * LOW HITPOINT WARNING * * *
You barely miss something.
You hear some strange, mumbled words.
A magic dart appears from out of thin air!
The magic dart hits you but does no damage.
You completely miss something. Something hits you but does no damage.
You closely miss something. Something hits you but does no damage.
You hit something.
Reactivating autopickup.
You feel a bit more experienced.
You start resting.
HP restored.
There is a stone staircase leading down here.
You climb downwards.
There is a stone staircase leading up here.
The orc priest hits you from afar with a +0 trident.
The orc priest hits you with a +0 trident.
You closely miss the orc priest. The orc priest barely misses you.
The orc priest calls down the wrath of Beogh upon you.
Beogh smites you!
The orc priest hits you but does no damage.
You hit the orc priest but do no damage.
The orc priest hits you but does no damage.
You slash the orc priest!
The orc priest is almost dead.
You block the orc priest's attack.
You closely miss the orc priest.
The orc priest is almost dead.
The orc priest calls down the wrath of Beogh upon you.
Beogh smites you!
The orc priest calls down the wrath of Beogh upon you.
Beogh smites you!
* * * LOW HITPOINT WARNING * * *
The orc priest hits you but does no damage.
The orc priest hits you but does no damage.
The orc priest mumbles some strange prayers to Beogh against you.
Pain shoots through your body!
You die...

###########
##.........##
...........<#
............#..#
......o@.......#
.........o.....#
...............#
...............#
................#
................#
.................
.................


You could see 2 orc priests.

Vanquished Creatures
  A centaur (D:4)
  A phantom (D:4)
  A gnoll sergeant (D:5)
  A jelly (D:4)
  2 orc priests
  2 orc wizards (D:4)
  5 gnolls (D:4)
  3 adders
  A dart slug (D:1)
  8 orcs
  3 endoplasms
  3 giant cockroaches
  3 hobgoblins (D:2)
  2 jackals (D:3)
  4 kobolds
  4 quokkas
  7 ball pythons
  6 bats
  2 frilled lizards
  7 goblins
  5 rats
71 creatures vanquished.

Notes
Turn   | Place    | Note
-------+----------+-------------------------------------------
     0 | D:1      | jlumianski the Gargoyle Fighter began the quest for the
                  | Orb.
     0 | D:1      | Reached XP level 1. HP: 14/14 MP: 1/1
   191 | D:1      | Found a faded altar of an unknown god.
   293 | D:1      | Reached XP level 2. HP: 19/19 MP: 2/2
  1171 | D:2      | Reached XP level 3. HP: 16/23 MP: 3/3
  1891 | D:2      | Reached skill level 4 in Armour
  1891 | D:2      | Reached XP level 4. HP: 11/28 MP: 4/4
  2149 | D:5      | Entered Level 5 of the Dungeon
  3063 | D:5      | Noticed a gnoll sergeant
  3129 | D:4      | Reached XP level 5. HP: 32/32 MP: 5/5
  3459 | D:5      | Reached skill level 5 in Armour
  3459 | D:5      | Reached XP level 6. HP: 18/38 MP: 6/6
  4041 | D:4      | HP: 1/38 [acid (6)]
  4420 | D:4      | Reached XP level 7. HP: 41/43 MP: 7/7
  4702 | D:5      | Killed from afar by an orc priest

Illustrated notes

Levels and vault maps discovered:
D:1:      dpeg_arrival_ternary, layout_loops_ring,
          dilly_ecumenical_altar_fadedgnrine
D:2:      layout_basic
D:3:      layout_loops_ring
D:4:      layout_basic, chequers_garden
D:5:      layout_cave_pods, pdpol_wu_jian_five_deadly_venoms,
          minmay_crystal_water

Skill      XL: |  1  2  3  4  5  6 |
---------------+-------------------+-----
Axes           | 2 3 4 |  4.6
Armour         | 4 5 |  5.7
Shields        | 4 |  4.1
Fighting       | 4 |  4.3
Dodging        | |  0.4
Stealth        | |  0.1

Action                   |  1- 3 |  4- 6 |  7- 9 || total
-------------------------+-------+-------+-------++-------
Melee: War axe           |   124 |   103 |    24 ||   251
Throw: Stone             |     3 |       |       ||     3
  Use: Scroll            |     4 |     9 |       ||    13
       Potion            |     2 |     1 |       ||     3
Armor: Scale mail        |    93 |     6 |       ||    99
       Plate armour      |       |    83 |    21 ||   104
Dodge: Dodged            |    70 |    35 |     5 ||   110
Block: Buckler           |    39 |    22 |     3 ||    64

Table legend: (Time is in decaauts)
 A = Elapsed time spent in this place.
 B = Non-inter-level travel time spent in this place.
 C = Inter-level travel time spent in this place.
 D = Time resting spent in this place.
 E = Time spent auto-exploring this place.
 F = Levels seen in this place.
 G = Mean time per level.
                   A        B        C        D        E       F      G
               +--------+--------+--------+--------+--------+-----+--------+
         Total |   4817 |   4747 |     70 |    989 |   2330 |   5 |  963.4 |
       Dungeon |   4817 |   4747 |     70 |    989 |   2330 |   5 |  963.4 |
               +--------+--------+--------+--------+--------+-----+--------+

Top non-repeatable levels by time:
     D:4: 1802 daAuts
     D:1: 1088 daAuts
     D:2: 1045 daAuts
     D:3: 741 daAuts
     D:5: 140 daAuts
